 Dungeon Crawl Stone Soup version 0.31-a0-115-g4708a659fe (webtiles) character file.

Game seed: 13849166654090829715

1751 Chodeload the Destroyer (level 8, -1/43 HPs)
             Began as a Deep Elf Wanderer on May 30, 2023.
             Was an Initiate of Vehumet.
             Slain by an unseen horror (7 damage)
             ... on level 6 of the Dungeon.
             The game lasted 00:18:24 (7140 turns).

Chodeload the Destroyer (Deep Elf Wanderer)         Turns: 7140, Time: 00:18:25

Health: -1/43      AC:  6    Str:  8    XL:     8   Next: 78%
Magic:  8/17       EV: 10    Int: 23    God:    Vehumet [......]
Gold:   415        SH:  7    Dex: 12    Spells: 14/17 levels left

rFire   . . .        a - +2 short sword (drain)
rCold   . . .        q - +2 buckler
rNeg    . . .        d - +0 leather armour
rPois   .            m - +1 helmet
rElec   .            (no cloak)
rCorr   .            f - +0 pair of gloves
SInv    .            (no boots)
Will    +....        (no amulet)
Stlth   +            j - ring of willpower
HPRegen 0.27/turn    (no ring)
MPRegen 0.15/turn

%: no passive effects
@: no status effects
A: no striking features
a: Renounce Religion


You were on level 6 of the Dungeon.
You worshipped Vehumet.
Vehumet was noncommittal.
You visited 2 branches of the dungeon, and saw 7 of its levels.

You collected 415 gold pieces.

Inventory:

Hand Weapons
 a - a +2 short sword of draining (weapon)
 b - a +1 flail of venom
Armour
 d - a +0 leather armour (worn)
 f - a +0 pair of gloves (worn)
 m - a +1 helmet (worn)
 q - a +2 buckler (worn)
Jewellery
 j - a ring of willpower (left hand)
 w - a ring of ice
Wands
 u - a wand of iceblast (1)
 y - a wand of flame (3) (quivered)
Scrolls
 c - a scroll of vulnerability
 h - 2 scrolls of amnesia
 i - 2 scrolls of enchant weapon
 k - a scroll of poison
 l - 3 scrolls of teleportation
 p - a scroll of enchant armour {unknown}
 r - 2 scrolls of blinking
 s - a scroll of silence
 x - a scroll of immolation {unknown}
Potions
 e - a potion of haste
 g - a potion of cancellation
 n - 3 potions of attraction {unknown}
 o - 2 potions of curing
 t - a potion of brilliance {unknown}
 v - a potion of berserk rage {unknown}


   Skills:
 - Level 1.0 Fighting
 - Level 3.2 Armour
 - Level 5.0 Shields
 - Level 5.0 Spellcasting
 + Level 9.5 Conjurations
 - Level 2.0 Air Magic
 - Level 2.1 Evocations


You had 14 spell levels left.
You knew the following spells:

 Your Spells              Type           Power      Damage    Failure   Level
a - Shock                 Conj/Air       100%       1d9       1%          1
b - Searing Ray           Conj           98%        2d8       1%          2

Your spell library contained the following spells:

 Spells                   Type           Power      Damage    Failure   Level
 Static Discharge         Conj/Air       64%        2-5/arc   2%          2
 Swiftness                Air            14%        N/A       26%         3
 Ensorcelled Hibernation  Hex/Ice        10%        N/A       30%         2
 Passwall                 Tmut/Erth      4%         N/A       30%         2
 Airstrike                Air            7%         2d(1-17)  65%         4
 Olgreb's Toxic Radiance  Pois           5%         N/A       89%         4
 Discord                  Hex            2%         N/A       100%        8
 Ignition                 Fire           2%         3d3       100%        8


Dungeon Overview and Level Annotations

Branches:
Dungeon (6/15)             Temple (1/1) D:6

Altars:
Ashenzari
Cheibriados
Dithmenos
Elyvilon
Fedhas
Gozag
Hepliaklqana
Nemelex Xobeh
Ru
Trog
Vehumet
Xom
Yredelemnul
Zin
The Shining One

Annotations:
D:2 Sigmund
D:3 exclusion: upstairs
D:4 exclusion: 2 downstairs
D:5 exclusion: downstairs


Message History

You now have 415 gold pieces (gained 11).
Something hits you.
Deactivating autopickup; reactivate with Ctrl-A.
Something hits you. Something hits you but does no damage.
You block something's attack. Something hits you. x2
Casting: Shock (safe; 1% risk of failure)
Confirm with . or Enter, or press ? or * to list all spells.
Aiming: Searing Ray (safe; 1% risk of failure)
Press: ? - help, Shift-Dir - straight line (Press . to maintain the ray.)
Something hits you but does no damage. Something hits you!
Something hits you but does no damage.
The searing ray hits something.
Something hits you. Something hits you but does no damage.
You finish channelling your searing ray.
Something hits you. x2
* * * LOW HITPOINT WARNING * * *
Casting: Searing Ray (safe; 1% risk of failure)
Confirm with . or Enter, or press ? or * to list all spells.
Aiming: Searing Ray (safe; 1% risk of failure)
Press: ? - help, Shift-Dir - straight line (Press . to maintain the ray.)
Something hits you but does no damage. Something hits you.
* * * LOW HITPOINT WARNING * * *
The searing ray hits something!
You finish channelling your searing ray.
Something hits you.
* * * LOW HITPOINT WARNING * * *
Aiming: Throw Flame
Press: ? - help, Shift-Dir - straight line
Okay, then.
Aiming: Throw Flame
Press: ? - help, Shift-Dir - straight line
Okay, then.
Aiming: Iceblast
Press: ? - help, Shift-Dir - straight line The mass of ice explodes!
Something hits you!
You die...

##.#.#####.##.###.#.........
######................###l.######
...........#.##....#.#. ..# #
######.....#.#..[...... .^.# # #
#..[<......##.......... #.. ###
#.#####.##.##..###.......... #.##
#.# #.##.##..##........... .#.#
#.# #.##.##..#......#...(. #.##
#.# #.##.@......###.#.###. #.#
#.# #.#####.........#. ... #.#
#.# ###.#####......#... #.9
#.####.# #..........###.# #.#
....##.###.#####.)... # #..
#...##.....# #......# # ..
.#...............###.# #.###.
#.#...####.##.... .# #.....
.#............... .. #.....#..


There were no monsters in sight!

Vanquished Creatures
  A gargoyle (D:6)
  A yak (D:5)
  Edmund (D:6)
  An ice beast (D:6)
  A phantom (D:4)
  2 bullfrogs (D:6)
  A gnoll sergeant (D:4)
  3 scorpions
  A howler monkey (D:5)
  A gnoll bouda (D:5)
  3 hounds
  A jelly (D:6)
  5 iguanas
  3 orc wizards
  9 gnolls
  8 adders
  An ufetubus (D:6)
  2 dart slugs
  14 orcs
  9 ball pythons
  3 bats
  12 endoplasms
  5 giant cockroaches
  3 goblins
  8 hobgoblins
  14 jackals
  4 quokkas
  7 frilled lizards
  6 kobolds
  5 rats
135 creatures vanquished.

Notes
Turn   | Place    | Note
-------+----------+-------------------------------------------
     0 | D:1      | Chodeload the Deep Elf Wanderer began the quest for the
                  | Orb.
     0 | D:1      | Chodeload set off with the following items: a +0 dagger, a
                  | wand of flame (7), a scroll of vulnerability, a +0 chain
                  | mail; and the following spells available to memorise:
                  | Searing Ray, Static Discharge.
     0 | D:1      | Reached XP level 1. HP: 12/12 MP: 6/6
     6 | D:1      | Learned a level 1 spell: Shock
   304 | D:1      | Reached skill level 1 in Air Magic
   388 | D:1      | Reached XP level 2. HP: 16/16 MP: 8/8
   396 | D:1      | Learned a level 2 spell: Searing Ray
   557 | D:1      | Reached skill level 2 in Conjurations
  1123 | D:1      | Reached XP level 3. HP: 20/20 MP: 7/9
  1223 | D:1      | You fall into a shaft and drop 1 floor!
  1860 | D:2      | Reached skill level 3 in Conjurations
  2257 | D:2      | Reached XP level 4. HP: 25/25 MP: 6/10
  2428 | D:2      | Noticed Sigmund
  2584 | D:3      | Reached skill level 4 in Conjurations
  2774 | D:3      | Found a glowing silver altar of Zin.
  2774 | D:3      | Found a glowing golden altar of the Shining One.
  2774 | D:3      | Found a white marble altar of Elyvilon.
  3080 | D:4      | Found a blossoming altar of Fedhas.
  3218 | D:4      | Noticed a phantom
  3223 | D:4      | Killed a phantom
  3224 | D:4      | Reached XP level 5. HP: 27/29 MP: 4/13
  3355 | D:4      | Reached skill level 5 in Conjurations
  4046 | D:5      | Entered Level 5 of the Dungeon
  4052 | D:4      | Reached skill level 1 in Shields
  4052 | D:4      | Reached XP level 6. HP: 34/34 MP: 9/15
  4108 | D:4      | Reached skill level 5 in Spellcasting
  5009 | D:5      | Noticed a yak
  5146 | D:4      | Reached XP level 7. HP: 27/38 MP: 10/16
  5504 | D:5      | Found a sparkling altar of Nemelex Xobeh.
  5505 | D:5      | Found an opulent altar of Gozag.
  5718 | D:5      | Identified the +0 robe of Umyne {*Slow rCorr Int+2 Stlth+}
  5794 | D:5      | Killed a yak
  6267 | D:6      | Reached skill level 5 in Shields
  6454 | D:6      | Noticed a gargoyle
  6531 | D:5      | Reached skill level 6 in Conjurations
  6636 | D:6      | Reached XP level 8. HP: 43/43 MP: 12/17
  6683 | D:6      | Noticed Edmund
  6735 | D:6      | Found a basalt altar of Yredelemnul.
  6735 | D:6      | Found a bloodstained altar of Trog.
  6759 | D:6      | Reached skill level 7 in Conjurations
  6847 | D:6      | Found a staircase to the Ecumenical Temple.
  6861 | Temple   | Entered the Ecumenical Temple
  6871 | Temple   | Became a worshipper of Vehumet
  6957 | D:6      | Killed Edmund
  6958 | D:6      | Reached skill level 8 in Conjurations
  7056 | D:6      | Killed a gargoyle
  7057 | D:6      | Reached skill level 9 in Conjurations
  7140 | D:6      | Slain by an unseen horror

Illustrated notes

Levels and vault maps discovered:
D:1:      ncdulo_smallfort, layout_loops_corners
D:2:      layout_rooms, minmay_hedge_maze, grunt_ministairs_15, uniq_sigmund
D:3:      layout_basic, dreamdust_divine_triumvirate
D:4:      layout_layer_cave, fedhas_ov_isle_minmay
D:5:      layout_loops_ring, grunt_temple_overflow_opulence, minmay_starry_boxes
D:6:      hangedman_cross_stitches, layout_loops_ring, jmf_multi_god_temple,
          minmay_temple_entry_grid, uniq_edmund
Temple:   hellmonk_temple_forest_ring

Skill      XL: |  1  2  3  4  5  6  7  8 |
---------------+-------------------------+-----
Air Magic      | 1 2 |  2.0
Conjurations   | 2 3 4 5 6 9 |  9.5
Spellcasting   | 4 5 |  5.0
Shields        | 1 3 5 |  5.0
Fighting       | |  1.0
Armour         | |  3.2
Evocations     | |  2.1

Action                     |  1- 3 |  4- 6 |  7- 9 || total
---------------------------+-------+-------+-------++-------
  Melee: Dagger            |     8 |    12 |    15 ||    35
         Short sword       |       |       |     1 ||     1
   Cast: Shock             |   104 |    94 |    83 ||   281
         Searing Ray       |     2 |    12 |    15 ||    29
  Evoke: Wand              |     1 |       |     9 ||    10
    Use: Scroll            |       |     6 |     2 ||     8
 Armour: Leather armour    |    13 |    13 |    22 ||    48
         Chain mail        |     2 |       |       ||     2
         Skin              |       |       |     1 ||     1
  Dodge: Dodged            |    17 |    32 |    20 ||    69
  Block: Buckler           |       |    17 |    20 ||    37

Table legend: (Time is in decaauts)
 A = Elapsed time spent in this place.
 B = Non-inter-level travel time spent in this place.
 C = Inter-level travel time spent in this place.
 D = Time resting spent in this place.
 E = Time spent auto-exploring this place.
 F = Levels seen in this place.
 G = Mean time per level.
                   A        B        C        D        E       F      G
               +--------+--------+--------+--------+--------+-----+--------+
         Total |   7146 |   6758 |    388 |    975 |   4192 |   7 | 1020.9 |
       Dungeon |   7126 |   6746 |    380 |    975 |   4192 |   6 | 1187.7 |
        Temple |     19 |     11 |      8 |      0 |      0 |   1 |   19.0 |
               +--------+--------+--------+--------+--------+-----+--------+

Top non-repeatable levels by time:
     D:4: 2000 daAuts
     D:1: 1708 daAuts
     D:5: 1421 daAuts
     D:2: 742 daAuts
     D:6: 653 daAuts
     D:3: 601 daAuts
  Temple: 19 daAuts
